 Dungeon Crawl Stone Soup version 0.28-a0-1524-ge72afd5fc6 (webtiles) character file.

Game seed: 9073214171727932077

4148 knot the Cleaver (level 10, 77/77 HPs)
             Began as a Demonspawn Berserker on Jan 18, 2022.
             Was a Priest of Trog.
             Quit the game on level 7 of the Dungeon.
             The game lasted 00:09:26 (11155 turns).

knot the Cleaver (Demonspawn Berserker)            Turns: 11155, Time: 00:09:26

Health: 77/77      AC:  8    Str: 17    XL:     10   Next: 7%
Magic:  10/10      EV: 11    Int: 13    God:    Trog [***...]
Gold:   361        SH:  0    Dex: 13    Spells: 9/9 levels left

rFire   . . .      SeeInvis .   G - +1 battleaxe (elec)
rCold   . . .      Faith    +   (shield currently unavailable)
rNeg    . . .      Spirit   .   J - +0 ring mail
rPois   .          Reflect  .   (no helmet)
rElec   .          Harm     .   B - +1 cloak
rCorr   .          Rampage  .   (no gloves)
Will    .....                   (no boots)
Stlth   +.........              z - amulet of faith
HPRegen 0.22/turn               (no ring)
MPRegen 0.12/turn               (no ring)

@: no status effects
A: powered by pain 1, weakness stinger 2
a: Renounce Religion, Berserk, Trog's Hand


You were on level 7 of the Dungeon.
You worshipped Trog.
Trog was most pleased with you.
You visited 1 branch of the dungeon, and saw 7 of its levels.

You collected 361 gold pieces.

Inventory:

Hand Weapons
 v - a +0 spear of venom
 y - the +2 short sword of Punydut {vorpal, rElec rC+ MP+9}
   (You took it off a hobgoblin on level 4 of the Dungeon)

   It inflicts extra damage upon your enemies.
   rC:        It protects you from cold.
   rElec:     It insulates you from electricity.
   MP:        It affects your magic capacity (+9).
 C - a +0 war axe
 G - a +1 battleaxe of electrocution (weapon)
Missiles
 f - 228 stones
 n - a throwing net
 q - 2 atropa-tipped darts
 u - 2 boomerangs (quivered)
 H - 3 javelins
 I - 5 poisoned darts
Armour
 B - a +1 cloak (worn)
 J - a +0 ring mail (worn)
Jewellery
 k - a ring of wizardry
 z - an amulet of faith (around neck)
Wands
 D - a wand of polymorph (5)
 K - a wand of paralysis (7)
Scrolls
 a - a scroll of magic mapping
 c - 2 scrolls of silence
 e - 2 scrolls of teleportation
 A - a scroll of enchant armour
 F - a scroll of amnesia
Potions
 d - a potion of heal wounds
 j - a potion of degeneration
 m - a potion of mutation
 w - a potion of brilliance
 x - a potion of ambrosia
 L - a potion of resistance


   Skills:
 - Level 6.5 Fighting
 * Level 10.2 Axes
 * Level 8.9 Throwing
 - Level 5.5 Armour
 - Level 1.7 Dodging


You had 9 spell levels left.
You didn't know any spells.
Your spell library contained the following spells:

 Spells                   Type           Power      Damage    Failure   Level
 Ensorcelled Hibernation  Hex/Ice        0%         N/A       63%         2
 Passwall                 Tmut/Erth      0%         N/A       63%         2
 Stone Arrow              Conj/Erth      0%         3d7       85%         3
 Swiftness                Air            0%         N/A       85%         3
 Animate Armour           Summ/Erth      0%         N/A       99%         4
 Lehudib's Crystal Spear  Conj/Erth      0%         10d2      100%        8


Dungeon Overview and Level Annotations

Branches:
Dungeon (7/15)             Temple (0/1) D:6

Altars:
Beogh

Shops:
D:3 *


Innate Abilities, Weirdness & Mutations

You sometimes gain a little power by taking damage.
You have a tail ending in a sharp stinger.


Message History

As you read the scroll labelled FAKHEUNKOLL, it crumbles to dust.
It is a scroll of enchant armour.
Your +0 cloak glows green for a moment.
As you read the scroll labelled UJIJAI WEAGRIU, it crumbles to dust.
It is a scroll of amnesia.
You feel forgetful for a moment.
Okay, then.
As you read the scroll of identify, it crumbles to dust.
d - a potion of heal wounds
As you read the scroll of identify, it crumbles to dust.
i - a potion of experience
As you read the scroll of identify, it crumbles to dust.
j - a potion of degeneration
As you read the scroll of identify, it crumbles to dust.
m - a potion of mutation
As you read the scroll of identify, it crumbles to dust.
L - a potion of resistance It was a potion of curing.
You feel better.
It was a potion of brilliance.
You feel clever all of a sudden.
It was a potion of ambrosia.
You are confused.
You feel invigorated.
It was a potion of magic.
Magic courses through your body.
You start resting.
HP restored.
You start waiting.
You feel less invigorated.
You feel less confused.
You start waiting.
You feel a little less clever now.
You feel more experienced!
Your Fighting skill gained 3 levels and is now at level 6!
Your Axes skill gained 2 levels and is now at level 10!
Your Throwing skill increases to level 8!
Your Armour skill gained 4 levels and is now at level 5!
You have reached level 10!
Your demonic ancestry asserts itself...
You feel energised by your suffering.
Are you sure you want to abandon this character and quit the game? (Confirm with "yes".)

#..### ####
#...[.......# #.<###
##..รท......).
###..### ##..........
##...##### #..........
###..#..## ##.........
###....#####..........
#.....##............
#...........#.<.....
#......@....##......
#..........## #.....
#..........# .....
#...........# #....
##.........## #.##
##........# ##......##
########


There were no monsters in sight!

Vanquished Creatures
  A water moccasin (D:7)
  An orc warrior (D:6)
  An ice beast (D:5)
  A sky beast (D:5)
  A black bear (D:7)
  5 ogres
  A bullfrog (D:6)
  3 scorpions
  A wyvern skeleton (D:6)
  A water moccasin skeleton (D:4)
  A howler monkey (D:4)
  A centaur zombie (D:4)
  3 hounds
  A gnoll shaman (D:7)
  3 iguanas
  A jelly (D:5)
  A centaur skeleton (D:6)
  5 scorpion zombies
  3 orc wizards
  A hound zombie (D:4)
  4 hound skeletons (D:4)
  8 gnolls
  8 adders
  A shadow imp (D:5)
  3 adder zombies (D:4)
  3 worms (D:2)
  4 dart slugs
  6 orcs
  4 bats
  3 endoplasms (D:1)
  6 giant cockroaches
  6 goblins
  8 hobgoblins
  4 jackals (D:4)
  9 kobolds
  9 quokkas
  8 ball pythons
  3 frilled lizards
  A jackal zombie (D:4)
  6 rats
140 creatures vanquished.

Vanquished Creatures (others)
  A plant (D:5)
  2 withered plants (D:4)
3 creatures vanquished.

Grand Total: 143 creatures vanquished

Notes
Turn   | Place    | Note
-------+----------+-------------------------------------------
     0 | D:1      | knot the Demonspawn Berserker began the quest for the Orb.
     0 | D:1      | Reached XP level 1. HP: 18/18 MP: 1/1
    46 | D:1      | Reached skill level 3 in Axes
    67 | D:1      | Gained mutation: You have a small tail. [demonic ancestry]
    67 | D:1      | Reached XP level 2. HP: 21/24 MP: 2/2
   110 | D:1      | Noticed an orc warrior
   408 | D:1      | Found a faded altar of an unknown god.
   767 | D:1      | Reached ** piety under Trog
   768 | D:1      | Reached XP level 3. HP: 29/29 MP: 3/3
  1184 | D:2      | Reached skill level 4 in Axes
  1530 | D:2      | Reached XP level 4. HP: 35/35 MP: 4/4
  2663 | D:3      | Reached skill level 5 in Axes
  2989 | D:3      | Reached XP level 5. HP: 32/41 MP: 5/5
  3070 | D:3      | Reached skill level 1 in Throwing
  3160 | D:3      | Found Mehoez's General Store.
  3954 | D:4      | Identified the +2 short sword of Punydut {vorpal, rElec rC+
                  | MP+9}
  4126 | D:4      | Reached XP level 6. HP: 31/47 MP: 6/6
  5229 | D:4      | Reached skill level 6 in Axes
  5793 | D:5      | Entered Level 5 of the Dungeon
  6169 | D:5      | Reached *** piety under Trog
  6170 | D:5      | Gained mutation: You have a tail ending in a sharp stinger.
                  | [demonic ancestry]
  6170 | D:5      | Reached XP level 7. HP: 24/49 MP: 7/7
  6340 | D:5      | HP: 1/52 [gnoll (6)]
  7266 | D:5      | Reached skill level 7 in Axes
  7639 | D:5      | Reached skill level 5 in Throwing
  7950 | D:5      | Reached XP level 8. HP: 44/58 MP: 8/8
  8593 | D:6      | HP: 3/87 [scorpion (8)]
  8599 | D:6      | HP: 2/58 [poisoned by a scorpion]
  9105 | D:6      | Found a staircase to the Ecumenical Temple.
  9323 | D:6      | Reached skill level 8 in Axes
 11027 | D:7      | Reached XP level 9. HP: 48/63 MP: 9/9
 11154 | D:7      | Reached skill level 10 in Axes
 11154 | D:7      | Reached skill level 5 in Armour
 11154 | D:7      | Gained mutation: You sometimes gain a little power by
                  | taking damage. [demonic ancestry]
 11154 | D:7      | Reached XP level 10. HP: 77/77 MP: 10/10
 11155 | D:7      | Quit the game

Illustrated notes

Levels and vault maps discovered:
D:1:      erik_arrival_cave_to_civilisation [erik_arrival_cave_to_temple],
          layout_basic, dreamdust_ecumenical_altar_grove
D:2:      layout_basic, minmay_misc_feat_encased
D:3:      layout_loops_ring, serial_shops, shop
D:4:      layout_basic, serial_undead, serial_undead_f, serial_undead_a,
          serial_undead_a, serial_undead_f, serial_undead_f, serial_undead_b,
          serial_undead_e, kennysheep_windowed_goal
D:5:      layout_loops_ring, corexii_shack
D:6:      layout_rooms, temple_fountains
D:7:      layout_cave_pods, serial_column_ruins, column_ruins_hut_ruined,
          column_ruins_grid_4, column_ruins_open_tiny, column_ruins_grid_1,
          column_ruins_corridor_corner, column_ruins_columns_corner,
          column_ruins_grid_1, column_ruins_grid_1

Skill      XL: |  1  2  3  4  5  6  7  8  9 |
---------------+----------------------------+-----
Axes           | 3 4 5 6 7 8 10 | 10.2
Throwing       | 2 3 5 6 8 |  8.9
Fighting       | 6 |  6.5
Armour         | 5 |  5.5
Dodging        | |  1.7

Action                   |  1- 3 |  4- 6 |  7- 9 | 10-12 || total
-------------------------+-------+-------+-------+-------++-------
Melee: Hand axe          |   104 |    85 |       |       ||   189
       Tailslap          |     8 |    49 |    21 |       ||    78
       Punch             |       |     4 |     2 |       ||     6
       Spear             |       |   111 |       |       ||   111
       War axe           |       |    38 |   163 |       ||   201
       Short sword       |       |       |     5 |       ||     5
Throw: Stone             |       |     6 |       |       ||     6
       Boomerang         |       |       |    53 |       ||    53
Invok: Berserk           |       |     4 |     8 |       ||    12
       Trog's Hand       |       |       |     1 |       ||     1
  Use: Scroll            |       |       |    17 |       ||    17
       Potion            |       |       |     5 |       ||     5
 Stab: Sleeping          |     3 |     1 |       |       ||     4
Armor: Animal skin       |    14 |    45 |    14 |       ||    73
       Ring mail         |       |       |    21 |       ||    21
Dodge: Dodged            |    71 |   139 |    85 |       ||   295

Table legend: (Time is in decaauts)
 A = Elapsed time spent in this place.
 B = Non-inter-level travel time spent in this place.
 C = Inter-level travel time spent in this place.
 D = Time resting spent in this place.
 E = Time spent auto-exploring this place.
 F = Levels seen in this place.
 G = Mean time per level.
                   A        B        C        D        E       F      G
               +--------+--------+--------+--------+--------+-----+--------+
         Total |  11313 |  10957 |    356 |   3880 |   5938 |   7 | 1616.1 |
       Dungeon |  11313 |  10957 |    356 |   3880 |   5938 |   7 | 1616.1 |
               +--------+--------+--------+--------+--------+-----+--------+

Top non-repeatable levels by time:
     D:5: 2356 daAuts
     D:4: 2185 daAuts
     D:6: 1724 daAuts
     D:2: 1461 daAuts
     D:3: 1253 daAuts
     D:7: 1179 daAuts
     D:1: 1152 daAuts
